AoeStats
← DRdaykhair

Black Forest

510208023Analyzed
4v4 RM · 2d ago on Sep 30, 2026· 51m 37s· 8 players
Game mode
Random Map
Map size
Large (8 player)
Population
200
Speed
Normal
Resources
Standard
Victory
Conquest
Starting age
Dark Age
Ending age
Imperial Age
RankedLock teamsTeams togetherTeam positionsShared explorationLock speedFull tech treeHidden civsTurbo modeCheats
Victory
Defeat
🇺🇸 Britons · United States
600
+16
🇺🇸 Persians · United States
584
+16
🇺🇸 Britons · United States
548
+18
🇵🇪 Persians · Peru
539
+18
🇨🇴 Celts · Colombia
708
-21
🇲🇽 Franks · Mexico
702
-21
🇨🇱 Italians · Chile
636
-19
🇺🇸 Britons · United States
305
-7
Hey Im Oso
13:16 Feudal Age
14:43 Wheelbarrow
25:33 Castle Age
24:28 Horse Collar
25:42 Gold Mining
25:44 Stone Mining
25:48 Double-Bit Axe
26:56 Hand Cart
30:24 Bow Saw
30:20 Heavy Plow
31:24 Gold Shaft Mining
32:29 Town Watch
37:31 Imperial Age
36:46 Town Patrol
37:21 Caravan
38:04 Coinage
39:21 Yeomen
40:20 Warwolf
41:44 Banking
44:11 Guilds
44:27 Elite Longbowman
47:00 Fletching
47:11 Padded Archer Armor
47:28 Forging
48:01 Conscription
47:28 Onager
49:04 Bodkin Arrow
49:28 Leather Archer Armor
49:55 Iron Casting
Dumbzie
0:35 Loom
13:05 Feudal Age
21:40 Castle Age
20:59 Horse Collar
21:11 Stone Mining
21:13 Gold Mining
33:35 Imperial Age
31:28 Heavy Plow
32:33 Gold Shaft Mining
31:50 Double-Bit Axe
32:44 Padded Archer Armor
32:35 Fletching
33:53 Wheelbarrow
33:04 Town Watch
33:44 Leather Archer Armor
34:18 Bow Saw
34:49 Hand Cart
34:49 Bodkin Arrow
36:02 Ring Archer Armor
36:33 Town Patrol
37:34 Ballistics
38:14 Chemistry
37:26 Fortified Wall
37:12 Murder Holes
38:01 Bracer
38:36 Elite Longbowman
39:53 Conscription
41:34 Caravan
42:51 Yeomen
42:32 Warwolf
44:30 Two-Man Saw
43:44 Forging
43:35 Scale Mail Armor
43:41 Scale Barding Armor
Paradox™
10:35 Feudal Age
12:55 Loom
15:39 Castle Age
14:33 Horse Collar
15:46 Double-Bit Axe
19:55 Bow Saw
20:27 Heavy Plow
21:24 Gold Mining
21:24 Stone Mining
23:18 Wheelbarrow
26:25 Hand Cart
28:53 Gold Shaft Mining
28:53 Stone Shaft Mining
29:18 Caravan
32:36 Imperial Age
35:11 Imperial Age
33:17 Ballistics
35:36 Scale Barding Armor
35:42 Forging
35:34 Scale Mail Armor
35:36 Murder Holes
36:42 Chemistry
36:04 Ballistics
35:56 Masonry
35:45 Fletching
35:55 Padded Archer Armor
36:29 Crop Rotation
37:02 Two-Man Saw
37:48 Iron Casting
37:34 Chain Barding Armor
37:37 Conscription
37:19 Kamandaran
40:24 Elite War Elephant
41:40 Hoardings
42:13 Blast Furnace
41:28 Chain Mail Armor
41:50 Plate Barding Armor
41:31 Leather Archer Armor
42:04 Architecture
41:51 Citadels
42:25 Town Watch
43:10 Pikeman
43:36 Gambesons
43:51 Squires
43:18 Heavy Scorpion
43:19 Capped Ram
44:11 Town Patrol
49:53 Plate Mail Armor
49:19 Bodkin Arrow
49:54 Ring Archer Armor
ZZL
1:09 Loom
16:12 Feudal Age
18:43 Gold Mining
19:51 Stone Mining
21:04 Padded Archer Armor
23:25 Castle Age
23:34 Double-Bit Axe
23:30 Horse Collar
24:20 Crossbowman
28:22 Kamandaran
29:02 Wheelbarrow
29:08 Bow Saw
29:01 Heavy Plow
29:21 Fletching
29:47 Leather Archer Armor
31:05 Thumb Ring
31:37 Bodkin Arrow
33:34 Hand Cart
33:07 Town Watch
33:29 Squires
34:01 Ballistics
37:42 Imperial Age
35:18 Town Patrol
35:49 Masonry
36:46 Scale Mail Armor
36:56 Forging
39:10 Chemistry
39:28 Two-Man Saw
39:00 Crop Rotation
40:43 Gold Shaft Mining
40:48 Stone Shaft Mining
40:12 Pikeman
45:29 Ring Archer Armor
45:04 Elite War Elephant
49:44 Halberdier
50:10 Arson
DRdaykhair
0:28 Loom
14:57 Feudal Age
16:16 Wheelbarrow
15:29 Double-Bit Axe
15:37 Town Watch
17:55 Horse Collar
23:39 Gold Mining
23:41 Stone Mining
25:33 Fletching
25:44 Padded Archer Armor
25:46 Scale Mail Armor
26:57 Forging
32:06 Scale Barding Armor
37:08 Castle Age
38:23 Hand Cart
38:28 Leather Archer Armor
37:46 Elite Skirmisher
39:03 Coinage
39:25 Caravan
40:59 Town Patrol
40:41 Crossbowman
42:12 Bodkin Arrow
42:17 Treadmill Crane
42:30 Guard Tower
43:20 Heavy Plow
43:42 Fishing Lines
44:40 Murder Holes
44:59 Masonry
45:11 Ballistics
45:34 Pikeman
46:01 Gambesons
46:16 Squires
46:03 Arson
47:35 Yeomen
48:34 Fortified Wall
amstek
10:19 Loom
14:24 Feudal Age
15:42 Double-Bit Axe
22:05 Castle Age
24:51 Caravan
26:42 Padded Archer Armor
26:04 Elite Skirmisher
27:15 Bow Saw
juandasotoguerrero
17:07 Feudal Age
19:01 Double-Bit Axe
20:10 Loom
21:48 Wheelbarrow
21:56 Gold Mining
24:16 Castle Age
23:11 Stone Mining
23:07 Horse Collar
23:47 Scale Mail Armor
24:31 Forging
floresmonserratpaz
2:23 Loom
13:31 Feudal Age
21:13 Castle Age
19:59 Double-Bit Axe
21:29 Horse Collar
31:15 Crossbowman
32:02 Thumb Ring
33:12 Heavy Plow
36:19 Fletching
36:31 Padded Archer Armor
37:22 Silk Road
40:42 Imperial Age
43:32 Pikeman
50:38 Chemistry
50:01 Ballistics
Connection lost

Rejoining the realm…

Still unreachable

The connection could not be restored.

Session expired

The server has moved on; the page needs a fresh start.